 Dungeon Crawl Stone Soup version 0.30.0-30-g96aa6591b8 (webtiles) character file.

Game seed: 6824771015873197927

630 Erymatos the Chopper (level 7, -2/62 HPs)
             Began as a Minotaur Berserker on June 30, 2023.
             Was a Priest of Trog.
             Slain by a gnoll
             ... wielding a +2 halberd of venom
             ... led by a gnoll bouda
              (11 damage)
             ... on level 5 of the Dungeon.
             The game lasted 00:05:54 (3198 turns).

Erymatos the Chopper (Minotaur Berserker)           Turns: 3198, Time: 00:05:54

Health: -2/62      AC:  7    Str: 23    XL:     7   Next: 24%
Magic:  6/6        EV: 11    Int:  4    God:    Trog [***...]
Gold:   214        SH:  3    Dex: 10    Spells: 6/6 levels left

rFire   + . .        a - +0 hand axe
rCold   . . .        i - +0 buckler
rNeg    . . .        y - +0 ring mail
rPois   .            (helmet restricted)
rElec   .            (no cloak)
rCorr   .            f - +0 pair of gloves
SInv    .            m - +0 pair of boots
Will    .....        (no amulet)
Stlth   +            o - ring of protection from fire
HPRegen 0.30/turn    (no ring)
MPRegen 0.10/turn

%: no passive effects
@: lethally poisoned (-2 -> -18), on berserk cooldown, slowed, very slow
A: horns 2, retaliatory headbutt
a: Renounce Religion, Berserk, Trog's Hand


You were on level 5 of the Dungeon.
You worshipped Trog.
Trog was most pleased with you.
You visited 1 branch of the dungeon, and saw 5 of its levels.
You also visited: Sewer.

You collected 214 gold pieces.

Inventory:

Hand Weapons
 a - a +0 hand axe (weapon)
Armour
 b - a +0 animal skin
 f - a +0 pair of gloves (worn)
 i - a +0 buckler (worn)
 m - a +0 pair of boots (worn)
 y - a +0 ring mail (worn)
Jewellery
 o - a ring of protection from fire (left hand)
 w - a ring of fire
Wands
 n - a wand of polymorph (3)
 C - a wand of digging (7)
Scrolls
 d - 3 scrolls of teleportation {unknown}
 g - a scroll of fog {unknown}
 h - a scroll of amnesia {unknown}
 j - a scroll of enchant weapon {unknown}
 k - a scroll of torment {unknown}
 l - 3 scrolls of identify {unknown}
 x - a scroll of vulnerability {unknown}
Potions
 c - a potion of lignification {unknown}
 e - 3 potions of heal wounds {unknown}
 p - a potion of cancellation {unknown}
 q - a potion of might {unknown}
 r - a potion of berserk rage {unknown}
 s - a potion of haste {unknown}
 t - a potion of magic {unknown}
 u - a potion of degeneration {unknown}
 v - a potion of attraction {unknown}
 z - a potion of mutation {unknown}
 A - a potion of curing {unknown}
 B - a potion of ambrosia {unknown}


   Skills:
 + Level 5.7 Fighting
 + Level 7.5 Axes
 + Level 3.0 Armour
 + Level 4.5 Dodging
 + Level 0.5 Stealth
 + Level 0.6 Shields


You had 6 spell levels left.
You didn't know any spells.
Your spell library was empty.

Dungeon Overview and Level Annotations

Branches:
Dungeon (5/15)              Sewer (visited)
 Temple: D:4-7

Altars:
Gozag
Makhleb
Zin


Innate Abilities, Weirdness & Mutations

You have a pair of horns on your head.
You reflexively headbutt those who attack you in melee.


Message History

You struggle against the net.
You feel a strong urge to attack something.
You feel sick.
The gnoll hits you from afar with a +0 spear.
The gnoll completely misses you. x2
Unknown command.
You shred the net and break free!
You feel sick.
The gnoll hits you from afar with a +0 spear.
The gnoll hits you from afar with a +2 halberd of venom!
You are more poisoned.
The gnoll hits you with a +0 whip.
Unknown command.
You hit the gnoll.
You kill the gnoll!
Trog accepts your kill.
You feel very sick.
Unknown command.
You feel very sick. The gnoll hits you with a +0 spear!
The gnoll barely misses you.
Things that are here:
a +0 club; a +0 robe Unknown command.
You slash the gnoll!
The gnoll is severely wounded.
You barely miss the gnoll.
You are no longer berserk.
You are exhausted.
You feel yourself slow down.
* * * LOW HITPOINT WARNING * * *
You feel very sick. The gnoll misses you. You furiously retaliate!
You headbutt the gnoll! You hit the gnoll but do no damage.
The gnoll is severely wounded.
You closely miss the gnoll.
* * * LOW HITPOINT WARNING * * *
You feel extremely sick.
The gnoll is no longer moving quickly.
The gnoll barely misses you. The gnoll closely misses you.
The gnoll hits you with a +2 halberd of venom!
You die...

..# #.# ## # #.# .# .#
#.# .# ###.# #.# #
.######.#.# #.#####.#.#
..........####.))g.....#
###.......#.....@.......
....###.###.#####g##.###
#######.###.# .#
............# .#
##########..# .#
#..#####.. ##.......#
#########


You could see 2 gnolls.

Vanquished Creatures
  An ogre (D:5)
  3 kobold brigands (Sewer)
  A gnoll bouda (D:5)
  2 hounds (D:4)
  6 adders
  7 gnolls
  4 river rats
  5 worms
  2 dart slugs (D:4)
  4 orcs
  5 ball pythons
  4 endoplasms
  7 giant cockroaches
  5 goblins
  3 hobgoblins
  2 quokkas
  6 bats (D:2)
  2 frilled lizards
  8 kobolds
  10 rats
87 creatures vanquished.

Notes
Turn   | Place    | Note
-------+----------+-------------------------------------------
     0 | D:1      | Erymatos the Minotaur Berserker began the quest for the
                  | Orb.
     0 | D:1      | Reached XP level 1. HP: 19/19 MP: 0/0
   137 | D:1      | You fall into a shaft and drop 1 floor!
   146 | D:2      | Reached XP level 2. HP: 15/27 MP: 1/1
   251 | D:2      | Found a burning altar of Makhleb.
   269 | D:2      | Reached skill level 4 in Axes
   475 | D:2      | Reached ** piety under Trog
   477 | D:2      | Reached XP level 3. HP: 31/33 MP: 2/2
   542 | D:2      | Reached XP level 4. HP: 7/41 MP: 3/3
  1143 | D:3      | Found a faded altar of an unknown god.
  1379 | D:3      | Reached skill level 5 in Axes
  1583 | D:3      | Found a glowing silver altar of Zin.
  1583 | D:3      | Found an opulent altar of Gozag.
  1922 | D:4      | Found a glowing drain.
  1933 | D:4      | Reached XP level 5. HP: 32/47 MP: 4/4
  2009 | Sewer    | Entered a sewer
  2020 | Sewer    | Reached skill level 5 in Fighting
  2136 | Sewer    | Reached *** piety under Trog
  2192 | Sewer    | Reached skill level 6 in Axes
  2192 | Sewer    | Reached XP level 6. HP: 56/56 MP: 5/5
  2740 | D:4      | Reached skill level 7 in Axes
  2920 | D:5      | Entered Level 5 of the Dungeon
  2926 | D:5      | Reached XP level 7. HP: 15/61 MP: 6/6
  3198 | D:5      | Slain by a gnoll

Illustrated notes

Levels and vault maps discovered:
D:1:      saegor_arrival_simple_b, layout_loops_ring
D:2:      layout_basic, basic_altar
D:3:      layout_loops_ring, grunt_temple_overflow_gold_and_silver,
          ebering_ecumenical_altar_sacrificial
D:4:      layout_basic, portal_sewer_entry_a, dk_noncrumbling_4,
          kennysheep_generic_room_9
D:5:      lemuel_ratsnest, layout_loops_ring, uniq_pikel

Skill      XL: |  1  2  3  4  5  6  7 |
---------------+----------------------+-----
Axes           | 4 5 6 7 |  7.5
Fighting       | 4 5 |  5.7
Dodging        | 3 4 |  4.5
Armour         | 3 |  3.0
Stealth        | |  0.5
Shields        | |  0.6

Action                     |  1- 3 |  4- 6 |  7- 9 || total
---------------------------+-------+-------+-------++-------
  Melee: Hand axe          |    51 |   152 |    11 ||   214
         Headbutt          |    12 |    17 |     1 ||    30
 Invoke: Berserk           |     1 |     4 |     1 ||     6
 Armour: Animal skin       |    10 |    20 |       ||    30
         Ring mail         |       |     3 |     3 ||     6
  Dodge: Dodged            |    23 |    63 |    14 ||   100
  Block: Buckler           |       |    11 |     1 ||    12
